 Dungeon Crawl Stone Soup version 0.25-a0-292-gaa31f04 (webtiles) character file.

Game seed: 12370285011382812070, levelgen mode: deterministic

14656 relicbr the Thaumaturge (level 11, -5/72 HPs)
             Began as a Deep Elf Earth Elementalist on Dec 15, 2019.
             Was a Priest of Ashenzari.
             Slain by an elephant (9 damage)
             ... on level 1 of the Lair of Beasts.
             The game lasted 00:46:38 (12316 turns).

relicbr the Thaumaturge (DEEE)                     Turns: 12316, Time: 00:46:39

Health: -5/72      AC:  7    Str:  5    XL:     11   Next: 91%
Magic:  0/27       EV: 13    Int: 24    God:    Ashenzari [***...]
Gold:   221        SH:  0    Dex: 15    Spells: 21/30 levels left

rFire    + . .     SeeInvis +   K - staff of conjuration (curse)
rCold    . . .     Gourm    .   (no shield)
rNeg     . . .     Faith    .   B - +2 robe {MR+}
rPois    .         Spirit   .   w - +0 helmet (curse)
rElec    .         Reflect  .   (no cloak)
rCorr    .         Harm     .   e - +0 pair of gloves
MR       ++...                  g - +0 pair of boots
Stlth    ++........             f - amulet of magic regeneration (curse)
HPRegen  0.22/turn              C - ring of protection from fire
MPRegen  0.45/turn              (no ring)

@: no status effects
A: no striking features
a: Curse Item, Scrying, Renounce Religion


You were on level 1 of the Lair of Beasts.
You worshipped Ashenzari.
Ashenzari was most pleased with you.
You were very hungry.

You visited 3 branches of the dungeon, and saw 12 of its levels.

You collected 728 gold pieces.
You spent 507 gold pieces at shops.

Inventory:

Missiles
 b - 207 stones
 y - 17 poisoned darts (quivered)
 J - a throwing net
Armour
 e - a +0 pair of gloves (worn)
 g - a +0 pair of boots (worn)
 w - a cursed +0 helmet (worn)
 B - a +2 robe of magic resistance (worn)
Magical Staves
 K - a cursed staff of conjuration (weapon)
Jewellery
 f - a cursed amulet of magic regeneration (around neck)
 k - an uncursed ring of ice
 o - an uncursed amulet of regeneration
 C - a ring of protection from fire (left hand)
 M - an uncursed amulet of faith
Wands
 a - a wand of flame (26)
 n - a wand of clouds (8)
 u - a wand of acid (8)
 v - a wand of paralysis (2)
 x - a wand of scattershot (8)
 A - a wand of polymorph (7)
Scrolls
 h - 3 scrolls of enchant weapon
 i - 2 scrolls of teleportation
 l - 2 scrolls of amnesia {unknown}
 m - 2 scrolls of fog {unknown}
 E - a scroll of fear {unknown}
Potions
 j - 2 potions of agility
 p - 3 potions of haste
 q - 3 potions of curing
 r - 3 potions of might
 s - 3 potions of berserk rage
 t - a potion of flight
 z - a potion of invisibility
 F - a potion of heal wounds
 G - a potion of magic {unknown}
 H - 2 potions of resistance
 L - a potion of mutation {unknown}
Comestibles
 d - 31 rations


   Skills:
 * Level 10.0 Fighting
   Level 1.0 Axes
 - Level 2.4 Dodging
 - Level 2.4 Stealth
 - Level 10.2(12.9) Spellcasting
 - Level 10.0 Conjurations
   Level 1.1 Transmutations
 * Level 4.8 Fire Magic
 - Level 10.0 Earth Magic
 - Level 0.8 Evocations


You had 21 spell levels left.
You knew the following spells:

 Your Spells              Type           Power        Failure   Level  Hunger
a - Sandblast             Erth           ######       1%          1    None
b - Stone Arrow           Conj/Erth      ######       1%          3    None
c - Fireball              Conj/Fire      ######....   5%          5    ###....

Your spell library contained the following spells:

 Spells                   Type           Power        Failure   Level  Hunger
 Foxfire                  Conj/Fire      ####         1%          1    None
 Magic Dart               Conj           ####         1%          1    None
 Passwall                 Tmut/Erth      #####...     1%          2    None
 Searing Ray              Conj           ######       1%          2    None
 Conjure Flame            Conj/Fire      ######..     1%          3    None
 Dazzling Flash           Conj/Hex       ######       1%          3    None
 Sticky Flame             Conj/Fire      ######..     1%          4    None
 Lee's Rapid Deconstruct  Erth           ######....   1%          5    ###....
 Inner Flame              Hex/Fire       ####....     4%          3    None
 Fulminant Prism          Conj/Hex       ######....   4%          4    None
 Iskenderun's Mystic Bla  Conj/Tloc      ######..     4%          4    None
 Petrify                  Tmut/Erth      #####...     4%          4    None


Dungeon Overview and Level Annotations

Branches:
Dungeon (10/15)            Temple (1/1) D:6            Lair (1/6) D:10
    Orc (0/2) D:9

Altars:
Ashenzari
Cheibriados
Dithmenos
Elyvilon
Fedhas
Gozag
Hepliaklqana
Kikubaaqudgha
Makhleb
Nemelex Xobeh
Okawaru
Qazlal
Ru
Sif Muna
Trog
Uskayaw
Vehumet
Wu Jian
Xom
Yredelemnul
Zin
The Shining One

Shops:
D:7 [:*}   D:8 (   D:9 ::*!:(


Message History

Confirm with . or Enter, or press ? or * to list all spells.
Aiming: Sandblast (safe; 1% risk of failure)
Press: ? - help, Shift-Dir - straight line, f/p - elephant
Aim: an elephant (heavily wounded)
The blast of sand hits the elephant but does no damage.
The elephant is heavily wounded.
b - 208 stones The elephant tramples you!
* * * LOW HITPOINT WARNING * * *
You stumble backwards!
Casting: Sandblast (safe; 1% risk of failure)
Confirm with . or Enter, or press ? or * to list all spells.
Aiming: Sandblast (safe; 1% risk of failure)
Press: ? - help, Shift-Dir - straight line, f/p - elephant
Aim: an elephant (heavily wounded)
The blast of sand hits the elephant!
The elephant is severely wounded.
b - 207 stones The elephant tramples you!
You die...

#......#....#.............#......
#......#+#†##...†...†.......)....
#.........................#......
#.#.#######.####.###.###†.#......
#.## ### #.# ### #..#...... # *
##.# #......... #..# ##..#......
##Y## ###....##.###
#@P###.#P.........
#.................
##.............[... ###
#..................
.#######.#####.................
................................
........................(.......
.............................#.#
##...............##.+###+#....###


You could see an elephant.

Vanquished Creatures
  Harold (D:8)
  3 hydras (Lair:1)
  2 two-headed ogres
  An unseen horror (D:10)
  Pikel (D:3)
  A black mamba (Lair:1)
  4 elephants (Lair:1)
  A komodo dragon (Lair:1)
  Sigmund (D:4)
  8 yaks
  A human (D:7)
  4 hogs (D:7)
  A hungry ghost (D:8)
  2 water moccasins (Lair:1)
  5 orc warriors
  5 sky beasts
  Duvessa (D:4)
  A phantom (D:9)
  3 ice beasts
  An ogre (D:10)
  5 wolves (Lair:1)
  2 centaurs
  4 crocodiles
  6 bullfrogs
  3 big kobolds
  Dowan (D:4)
  4 scorpions
  2 killer bees (D:4)
  A troll skeleton (D:10)
  A spriggan skeleton (D:10)
  3 wights (D:6)
  2 howler monkeys (D:9)
  4 crimson imps
  A lava snake (D:9)
  2 centaur zombies
  A bullfrog zombie (D:5)
  5 jellies
  5 orc priests
  4 centaur skeletons (D:10)
  3 hounds
  10 orc wizards
  10 worker ants
  A hound zombie (D:10)
  A worker ant zombie (D:9)
  A howler monkey skeleton (D:10)
  Robin (D:4)
  12 adders
  29 gnolls
  4 shadow imps
  An ooze (D:4)
  An adder zombie (D:8)
  2 adder skeletons
  2 worms
  3 dart slugs
  5 leopard geckos
  37 orcs
  9 giant cockroaches
  16 hobgoblins
  13 jackals
  18 kobolds
  4 quokkas
  2 ball pythons
  8 bats
  8 frilled lizards
  16 goblins
  2 jackal skeletons (D:5)
  2 leopard gecko skeletons
  A quokka skeleton (D:9)
  A quokka zombie (D:6)
  11 rats
337 creatures vanquished.

Vanquished Creatures (others)
  A slave (D:4)
  2 orc wizards (D:4)
  An orc (D:4)
  A giant cockroach (D:4)
  A hobgoblin (D:4)
  A ball python (D:4)
  2 goblins (D:4)
  A quokka skeleton (D:7)
  A fungus (Lair:1)
11 creatures vanquished.

Grand Total: 348 creatures vanquished

Notes
Turn   | Place    | Note
-------+----------+-------------------------------------------
     0 | D:1      | relicbr the Deep Elf Earth Elementalist began the quest for
                  | the Orb.
     0 | D:1      | Reached XP level 1. HP: 10/10 MP: 6/6
   275 | D:1      | Reached XP level 2. HP: 15/15 MP: 6/8
   841 | D:1      | Reached XP level 3. HP: 12/19 MP: 9/9
  1400 | D:2      | Reached skill level 5 in Earth Magic
  1498 | D:2      | Reached XP level 4. HP: 5/24 MP: 7/10
  2585 | D:2      | Reached XP level 5. HP: 28/28 MP: 9/11
  2987 | D:3      | Found a burning altar of Makhleb.
  3261 | D:4      | Noticed Sigmund
  3329 | D:4      | Killed Sigmund
  3329 | D:4      | Reached XP level 6. HP: 32/32 MP: 12/12
  3330 | D:4      | Noticed a slave
  3340 | D:4      | Noticed Pikel
  3340 | D:4      | Noticed a slave
  3340 | D:4      | Noticed a slave
  3341 | D:4      | Noticed a slave
  3366 | D:3      | Killed Pikel
  3366 | D:3      | Reached skill level 10 in Earth Magic
  3366 | D:3      | Reached XP level 7. HP: 33/36 MP: 13/13
  3373 | D:3      | Learned a level 3 spell: Stone Arrow
  3408 | D:4      | Noticed Robin
  3501 | D:4      | Killed Robin
  3600 | D:4      | Reached skill level 1 in Fighting
  3739 | D:4      | Noticed Duvessa
  3755 | D:4      | Noticed Dowan
  3764 | D:4      | HP: 1/38 [Dowan] (17)]
  3773 | D:4      | Killed Duvessa
  3773 | D:4      | Reached XP level 8. HP: 8/44 MP: 14/14
  3853 | D:4      | Killed Dowan
  4034 | D:4      | Found an opulent altar of Gozag.
  4074 | D:4      | Found a transporter.
  4106 | D:4      | Found a transporter.
  4420 | D:5      | Entered Level 5 of the Dungeon
  4430 | D:5      | Found a blossoming altar of Fedhas.
  4871 | D:5      | Reached skill level 5 in Fighting
  5065 | D:6      | Reached skill level 1 in Conjurations
  5110 | D:6      | Reached skill level 5 in Spellcasting
  5185 | D:6      | Reached XP level 9. HP: 54/54 MP: 16/20
  5521 | D:6      | Found a staircase to the Ecumenical Temple.
  5544 | Temple   | Entered the Ecumenical Temple
  5686 | Temple   | Became a worshipper of Ashenzari the Shackled
  6102 | D:6      | Got the cursed hand axe "Xivaomir" {chop, Int+3}
  6103 | D:6      | Identified the cursed +2 hand axe "Xivaomir" {chop, Int+3}
                  | (You found it on level 6 of the Dungeon)
  6255 | D:6      | Found a bloodstained altar of Trog.
  6256 | D:6      | Found an ancient bone altar of Kikubaaqudgha.
  6422 | D:5      | Found a sacrificial altar of Ru.
  6450 | D:7      | Found Xuemais's Armour Emporium.
  6491 | D:7      | Found Pisk's Gadget Boutique.
  6513 | D:7      | Found Kuanihiz's General Store.
  6521 | D:7      | Bought a scroll of identify for 26 gold pieces
  6521 | D:7      | Bought a scroll of identify for 26 gold pieces
  6681 | D:7      | Reached skill level 1 in Axes
  6681 | D:7      | Reached skill level 10 in Spellcasting
  7045 | D:7      | Found a stormy altar of Qazlal.
  7131 | D:7      | Found Kimedur's Book Shop.
  7208 | D:7      | Found Cammoaq's Armour Shoppe.
  7347 | D:8      | Found a sacrificial altar of Ru.
  7358 | D:8      | Reached XP level 10. HP: 60/60 MP: 20/26
  7378 | D:8      | Reached * piety under Ashenzari
  7570 | D:8      | Reached skill level 5 in Conjurations
  7919 | D:8      | Noticed Harold
  7935 | D:8      | Killed Harold
  8298 | D:8      | Found Oggoegio's Antique Weapon Emporium.
  8571 | D:9      | Found Cumues's Distillery.
  8608 | D:9      | Found Epatyny's Mayhem Merchandise.
  8721 | D:9      | Noticed a two-headed ogre
  8731 | D:9      | Killed a two-headed ogre
  8800 | D:9      | Found Vesyfen's Book Shoppe.
  8815 | D:9      | Identified the +9 dagger of Guile {pierce, *Corrode +Blink
                  | +Inv}
  8918 | D:9      | Found Xuorulit's Book Shop.
  8955 | D:9      | Found Mifuf's Weapon Emporium.
  9020 | D:9      | Reached ** piety under Ashenzari
  9176 | D:9      | Found Latwocs's Book Emporium.
  9220 | D:9      | Found a staircase to the Orcish Mines.
  9523 | D:10     | Entered Level 10 of the Dungeon
  9573 | D:7      | Bought a book of Flames for 455 gold pieces
  9579 | D:7      | Learned a level 5 spell: Fireball
 10136 | D:10     | Found a staircase to the Lair.
 10509 | D:10     | Killed an unseen horror
 10509 | D:10     | Reached skill level 1 in Fire Magic
 10509 | D:10     | Reached XP level 11. HP: 44/67 MP: 5/27
 10691 | D:10     | Noticed a two-headed ogre
 10695 | D:10     | Killed a two-headed ogre
 10695 | D:10     | Reached skill level 10 in Conjurations
 11060 | Lair:1   | Entered Level 1 of the Lair of Beasts
 11133 | Lair:1   | Noticed a four-headed hydra
 11140 | Lair:1   | Killed a four-headed hydra
 11167 | Lair:1   | Noticed a four-headed hydra
 11172 | Lair:1   | Killed a four-headed hydra
 12117 | Lair:1   | Noticed a five-headed hydra
 12123 | Lair:1   | Killed a five-headed hydra
 12239 | Lair:1   | Reached *** piety under Ashenzari
 12310 | Lair:1   | Reached skill level 10 in Fighting
 12316 | Lair:1   | Slain by an elephant

Levels and vault maps discovered:
D:1:      dpeg_arrival_shrine, layout_basic, minmay_tetromino_l2
D:2:      minmay_diamond_boxcup, layout_basic
D:3:      layout_rooms, bloody_makhleb
D:4:      layout_cave_pools, gammafunk_temple_overflow_arena,
          minmay_door_square, glass_columns_a, feat_on_display, uniq_robin,
          uniq_pikel, uniq_sigmund, uniq_duvessa
D:5:      layout_gridville, nicolae_overflow_hidden_temple, first_ration,
          fedhas_altar_1
D:6:      layout_rooms, gammafunk_temple_overflow_pools,
          minmay_temple_entry_waves
D:7:      layout_cave_pools, serial_shops, shop, kennysheep_mini, shop,
          nicolae_shop_crystal, nicolae_shop_crystal, grunt_livestock,
          grunt_qazlal_clouds
D:8:      layout_cave_pods, serial_shops, shop_fountains,
          nicolae_ru_awakened_eye, uniq_harold
D:9:      layout_loops_ring, orc_0_dummy, serial_shops, nicolae_shop_waterfront,
          nicolae_shop_behind_doors, shop_fountains, shop, shop,
          kennysheep_doodads, minmay_shop_mayhem, columned_hall_lemuel
D:10:     layout_loops_corners, lair_entry_dummy, chequers_decorated_corner,
          hangedman_tell_no_tales
Temple:   hc_temple_tempest_star
Lair:1:   layout_chaotic_city

Skill      XL: |  1  2  3  4  5  6  7  8  9 10 11 |
---------------+----------------------------------+-----
Earth Magic    | 4 5 6 8 10 | 10.0
Fighting       | 2 5 7 10 | 10.0
Spellcasting   | 6 10 | 10.2
Conjurations   | 2 4 9 10 | 10.0
Axes           | 1 |  1.0
Fire Magic     | 1 4 |  4.8
Dodging        | |  2.4
Stealth        | |  2.4
Transmutations | |  1.1
Evocations     | |  0.8

Action                   |  1- 3 |  4- 6 |  7- 9 | 10-12 || total
-------------------------+-------+-------+-------+-------++-------
Melee: Dagger            |    90 |   113 |   142 |       ||   345
       Hand axe          |       |       |    33 |   230 ||   263
Throw: Dart              |     2 |     9 |    30 |     1 ||    42
       Stone             |       |       |     4 |       ||     4
 Cast: Sandblast         |    20 |    23 |   105 |    60 ||   208
       Stone Arrow       |       |       |    14 |   152 ||   166
       Fireball          |       |       |       |     8 ||     8
Invok: Curse Item        |       |       |       |     2 ||     2
Evoke: Wand              |       |     5 |     5 |     5 ||    15
  Use: Scroll            |       |       |     8 |     6 ||    14
       Potion            |       |       |       |     3 ||     3
 Stab: Sleeping          |     5 |     4 |     1 |     4 ||    14
       Paralysed         |       |    10 |       |       ||    10
       Distracted        |       |     1 |       |     1 ||     2
  Eat: Chunk             |     2 |     6 |    12 |    16 ||    36
Armor: Robe              |    25 |     2 |    38 |    78 ||   143
       Leather armour    |       |     6 |    31 |       ||    37
Dodge: Dodged            |    67 |    55 |   151 |   235 ||   508

Table legend:
 A = Non-vault XP
 B = Vault XP
 C = Vault XP percentage of total XP
 D = Non-vault monster count
 E = Vault monster count
 F = Vault count percentage of total count
                 A         B        C        D         E       F
            +---------+---------+-------+---------+---------+-------
      Total |   16631 |    4307 |  20.6 |     295 |      42 |  12.5
            +---------+---------+-------+---------+---------+-------
        D:1 |      46 |       3 |   6.1 |      26 |       2 |   7.1
        D:2 |     130 |      35 |  21.2 |      32 |       8 |  20.0
        D:3 |     150 |     625 |  80.6 |      19 |       5 |  20.8
        D:4 |     148 |     644 |  81.3 |      17 |      14 |  45.2
        D:5 |     402 |       0 |   0.0 |      13 |       0 |   0.0
        D:6 |     965 |       0 |   0.0 |      31 |       0 |   0.0
        D:7 |    1121 |     970 |  46.4 |      29 |       5 |  14.7
        D:8 |    1720 |     992 |  36.6 |      31 |       1 |   3.1
        D:9 |    2027 |       0 |   0.0 |      44 |       0 |   0.0
       D:10 |    2225 |    1038 |  31.8 |      29 |       7 |  19.4
     Lair:1 |    7697 |       0 |   0.0 |      24 |       0 |   0.0
            +---------+---------+-------+---------+---------+-------
